 Dungeon Crawl Stone Soup version 0.30-a0-996-ga6910c8ee8 (webtiles) character file.

Game seed: 604273799850902326

28 qeuew the Conjurer (level 3, -1/21 HPs)
             Began as a Tengu Reaver on Apr 4, 2023.
             Slain by Natasha (7 damage)
             ... on level 2 of the Dungeon.
             The game lasted 00:01:21 (773 turns).

qeuew the Conjurer (Tengu Reaver)                    Turns: 773, Time: 00:01:21

Health: -1/21      AC:  3    Str: 18    XL:     3   Next: 14%
Magic:  7/7        EV: 17    Int: 15    God:
Gold:   98         SH:  0    Dex: 12    Spells: 3/6 levels left

rFire   . . .      SeeInvis .    a - +0 hand axe
rCold   . . .      Faith    .    (no shield)
rNeg    . . .      Spirit   .    b - +0 leather armour
rPois   .          Reflect  .    (helmet restricted)
rElec   .          Rampage  .    (no cloak)
rCorr   .                        (no gloves)
Will    .....                    (boots unavailable)
Stlth   +                        (no amulet)
HPRegen 0.23/turn                d - +6 ring of strength
MPRegen 0.10/turn                g - +5 ring of evasion

@: no status effects
A: beak, talons 3
a: no special abilities


You were on level 2 of the Dungeon.
You visited 1 branch of the dungeon, and saw 2 of its levels.

You collected 98 gold pieces.

Inventory:

Hand Weapons
 a - a +0 hand axe (weapon)
Armour
 b - a +0 leather armour (worn)
Jewellery
 d - a +6 ring of strength (left hand)
 g - a +5 ring of evasion (right hand)
Wands
 c - a wand of charming (3)
Potions
 f - a potion of ambrosia
 i - a potion of haste


   Skills:
 + Level 2.2 Fighting
 + Level 3.4 Axes
 + Level 1.0 Armour
 + Level 2.5 Dodging
 + Level 2.2 Spellcasting
 + Level 4.4 Conjurations
 + Level 0.0 Evocations


You had 3 spell levels left.
You knew the following spells:

 Your Spells              Type           Power      Damage    Failure   Level
a - Kiss of Death         Conj/Necr      32%        2d7       11%         1
b - Momentum Strike       Conj/Tloc      16%        3d8       16%         2

Your spell library contained the following spells:

 Spells                   Type           Power      Damage    Failure   Level
 Freeze                   Ice            4%         1d3       26%         1
 Hailstorm                Conj/Ice       8%         3d4       30%         3
 Frozen Ramparts          Ice            2%         1d1       61%         3


Dungeon Overview and Level Annotations

Branches:
Dungeon (2/15)

Altars:

Annotations:
D:2 Natasha


Innate Abilities, Weirdness & Mutations

You have a beak for a mouth.
You have claws for feet.


Message History

You pick up a book of Frost and begin reading...
You add the spells Freeze and Frozen Ramparts to your library.
No target in view!
You now have 98 gold pieces (gained 14).
A kobold comes into view. It is wielding a +0 club.
The kobold shouts!
A kobold is nearby!
Found 5 stones.
A kobold is nearby!
You closely miss the kobold. Your kick misses the kobold.
The kobold completely misses you.
Natasha, Servant of Life and Death comes into view.
She is carrying a wand of flame (21).
You hit the kobold.
You kill the kobold!
Natasha zaps a wand.
The puff of flame hits you!
Natasha is nearby!
Things that are here:
a +0 club; a kobold corpse Natasha is nearby!
You hit Natasha. Your peck misses Natasha.
Natasha is moderately wounded.
A bat comes into view.
Natasha zaps a wand.
The puff of flame hits you!
* * * LOW HITPOINT WARNING * * *
You are too injured to fight recklessly!
You are too injured to fight recklessly!
You are too injured to fight recklessly!
You are too injured to fight recklessly!
You are too injured to fight recklessly!
You are too injured to fight recklessly!
You are too injured to fight recklessly!
You are too injured to fight recklessly!
You are too injured to fight recklessly!
You are too injured to fight recklessly!
You hit Natasha. Your kick misses Natasha.
Natasha is severely wounded.
Natasha howls an incantation.
You feel troubled. Natasha claws you!
You die...

## .##. .##### .# ...
...... ..# ##..#
..##.##..# ....
#.##....# ...# #.##..# .
#.b #.##..# ....##h####
#.#...#
#......@..###...###
.......#........###.#
.......#..>.........#
..............####..##
.(............# #...###
.....#.#...[..####.#...#
.....#........##......<.
.............>...#####..
.###.........# #.#


You could see Natasha and a bat.

Vanquished Creatures
  A worm (D:2)
  2 ball pythons (D:1)
  2 bats (D:1)
  An endoplasm (D:1)
  A giant cockroach (D:1)
  3 goblins (D:1)
  3 jackals (D:2)
  2 quokkas
  A frilled lizard (D:1)
  3 kobolds
  4 rats
23 creatures vanquished.

Notes
Turn   | Place    | Note
-------+----------+-------------------------------------------
     0 | D:1      | qeuew the Tengu Reaver began the quest for the Orb.
     0 | D:1      | Reached XP level 1. HP: 12/12 MP: 4/4
   179 | D:1      | Reached XP level 2. HP: 17/17 MP: 6/6
   624 | D:1      | Learned a level 2 spell: Momentum Strike
   687 | D:2      | Reached XP level 3. HP: 17/21 MP: 7/7
   690 | D:2      | Reached skill level 1 in Armour
   769 | D:2      | Noticed Natasha
   773 | D:2      | Slain by Natasha

Illustrated notes

Levels and vault maps discovered:
D:1:      amcnicky_arrival_single_pillar, layout_loops_ring
D:2:      layout_rooms, uniq_natasha

Skill      XL: |  1  2  3 |
---------------+----------+-----
Armour         | 1 |  1.0
Fighting       | |  2.2
Axes           | |  3.4
Dodging        | |  2.5
Spellcasting   | |  2.2
Conjurations   | |  4.4

Action                     || total
---------------------------++-------
  Melee: Hand axe          ||    53
         Kick              ||     9
         Peck              ||     5
    Use: Scroll            ||     4
   Stab: Sleeping          ||     1
 Armour: Leather armour    ||     8
  Dodge: Dodged            ||    35

Table legend: (Time is in decaauts)
 A = Elapsed time spent in this place.
 B = Non-inter-level travel time spent in this place.
 C = Inter-level travel time spent in this place.
 D = Time resting spent in this place.
 E = Time spent auto-exploring this place.
 F = Levels seen in this place.
 G = Mean time per level.
                   A        B        C        D        E       F      G
               +--------+--------+--------+--------+--------+-----+--------+
         Total |    778 |    751 |     27 |      0 |    613 |   2 |  389.0 |
       Dungeon |    778 |    751 |     27 |      0 |    613 |   2 |  389.0 |
               +--------+--------+--------+--------+--------+-----+--------+

Top non-repeatable levels by time:
     D:1: 653 daAuts
     D:2: 124 daAuts
